 Dungeon Crawl Stone Soup version 0.32-a0-30-gefbe487952 (webtiles) character file.

Game seed: 15690508167827520517

165 quinnr the Conjurer (level 5, -3/29 HPs)
             Began as a Tengu Air Elementalist on Jan 15, 2024.
             Succumbed to a kobold brigand's curare-tipped dart
             ... on level 6 of the Dungeon on Jan 19, 2024.
             The game lasted 00:05:28 (2465 turns).

quinnr the Conjurer (Tengu Air Elementalist)        Turns: 2465, Time: 00:05:29

Health: -3/29      AC:  3    Str:  8    XL:     5   Next: 46%
Magic:  9/10       EV: 12    Int: 18    God:
Gold:   84         SH:  0    Dex: 14    Spells: 6/9 levels left

rFire   . . .        (no weapon)
rCold   . . .        (no shield)
rNeg    . . .        a - +0 robe
rPois   .            (helmet restricted)
rElec   .            (no cloak)
rCorr   .            h - +1 pair of gloves
SInv    .            (boots unavailable)
Will    .....        (no amulet)
Stlth   ++           (no ring)
HPRegen 0.24/turn    (no ring)
MPRegen 0.12/turn

%: acrobat
@: lethally poisoned (-3 -> -22), slowed, very slow
A: beak, talons 3, acrobatic, deformed body, passive freeze, sense surroundings
1, wild magic 1
a: no special abilities


You were on level 6 of the Dungeon.
You visited 1 branch of the dungeon, and saw 5 of its levels.

You collected 84 gold pieces.


Innate Abilities, Weirdness & Mutations

You have a beak for a mouth.
You have claws for feet.
You can magically evade attacks while moving or waiting.
Armour fits poorly on your strangely shaped body.
A frigid envelope surrounds you and freezes all who hurt you.
You passively map a small area around you.
Your spells are a little harder to cast, but a little more powerful.


   Skills:
 - Level 1.0 Fighting
 - Level 2.2 Dodging
 - Level 2.0 Stealth
 + Level 2.8 Spellcasting
 + Level 5.8 Conjurations
 + Level 4.0 Air Magic


You had 6 spell levels left.
You knew the following spells:

 Your Spells              Type           Power      Damage    Failure   Level
t - Static Discharge      Conj/Air       52%        3-6/arc   5%          2
z - Shock                 Conj/Air       100%       1d9       4%          1

Your spell library contained the following spells:

 Spells                   Type           Power      Damage    Failure   Level
 Swiftness                Air            22%        N/A       14%         3
 Ensorcelled Hibernation  Hex/Ice        6%         N/A       34%         2
 Airstrike                Air            11%        2d(2-18)  38%         4
 Passwall                 Erth           3%         N/A       54%         3

Inventory:

Missiles
 i - 2 curare-tipped darts {=f}
Armour
 a - a +0 robe (worn)
 h - a +1 pair of gloves (worn)
Jewellery
 v - a ring of see invisible
Wands
 e - a wand of polymorph (12)
 f - a wand of light (5)
Potions
 b - a potion of magic
 d - a potion of might {unknown}

Dungeon Overview and Level Annotations

Branches:
Dungeon (7/15)
 Temple: D:4-7

Altars:

Shops:
D:6

! #...#..#####.#
##..$..#* #.# #....###
#.# ####.#### ###.# .
#....# #...# #.
#..#### #...# ...#.
######### #...#
.$...##.......####...#
......$....K....@...)#
....##........########
......).......#
....########### ... .K
. , ,,


You could see a kobold brigand.


Message History

The kobold throws a stone.
The stone hits you.
The zap hits the kobold!
You kill the kobold!
You can't see any susceptible monsters within range! (Use Z to cast anyway.)
You start resting.
A kobold brigand comes into view.
It is wielding a +0 short sword and quivering curare-tipped darts.
The zap hits the kobold brigand.
The kobold brigand is lightly wounded.
The kobold brigand shouts!
The kobold brigand throws a curare-tipped dart.
The curare-tipped dart hits you.
You are poisoned.
You have difficulty breathing.
You feel yourself slow down.
You feel very sick.
You feel very sick.
You feel sick.
You feel sick.
The kobold brigand throws a curare-tipped dart.
The curare-tipped dart hits you.
You are lethally poisoned!
You have difficulty breathing.
* * * LOW HITPOINT WARNING * * *
You feel as though you will be slow longer.
Unknown command.
It was a potion of mutation.
You feel extremely strange.
Your body twists and deforms.
Your skin feels very cold.
You feel less in control of your magic.
You feel a strange attunement to the structure of the dungeons.
You die...

Skill      XL: |  1  2  3  4 |
---------------+-------------+-----
Conjurations   | 2 3 5 |  5.8
Fighting       | 1 |  1.0
Dodging        | |  2.2
Stealth        | |  2.0
Spellcasting   | |  2.8
Air Magic      | |  4.0

Action                     |  1- 3 |  4- 6 || total
---------------------------+-------+-------++-------
  Melee: Unarmed           |     2 |     3 ||     5
         Kick              |     1 |     1 ||     2
         Peck              |       |     1 ||     1
   Cast: Shock             |    74 |    44 ||   118
    Use: Scroll            |       |     2 ||     2
         Potion            |       |     1 ||     1
 Armour: Robe              |     6 |    14 ||    20
  Dodge: Dodged            |    10 |    25 ||    35

Levels and vault maps discovered:
D:1:      minmay_arrival_glassed_features, layout_basic,
          hellmonk_ecumenical_altar_leap_of_faith
D:2:      layout_loops_ring, kennysheep_generic_room_9
D:3:      layout_rooms, gammafunk_ghost_cemetery, minmay_pentangle
D:6:      layout_rooms, kennysheep_mini_moat, serial_shops, shop,
          nicolae_shop_drivethru, nicolae_shop_statue_plus,
          nicolae_inconvenience_store
D:7:      layout_loops_ring, minmay_misc_feat_rows, minmay_misc_feat_nine_boxes

Notes
Turn   | Place    | Note
-------+----------+-------------------------------------------
     0 | D:1      | quinnr the Tengu Air Elementalist began the quest for the
                  | Orb.
     0 | D:1      | Reached XP level 1. HP: 10/10 MP: 4/4
     0 | D:1      | Upgraded the game from 0.32-a0-17-gb74e046682 to
                  | 0.32-a0-22-g6ae6769602
    21 | D:1      | Upgraded the game from 0.32-a0-22-g6ae6769602 to
                  | 0.32-a0-30-gefbe487952
   176 | D:1      | Reached skill level 2 in Conjurations
   220 | D:1      | Reached XP level 2. HP: 15/15 MP: 1/6
   374 | D:1      | Found a faded altar of an unknown god.
   394 | D:1      | Reached skill level 3 in Conjurations
   543 | D:1      | Reached XP level 3. HP: 19/19 MP: 1/7
   889 | D:2      | Reached skill level 4 in Conjurations
  1386 | D:2      | Reached skill level 5 in Conjurations
  1386 | D:2      | Reached XP level 4. HP: 23/24 MP: 4/8
  2197 | D:3      | You fall into a shaft and drop 3 floors!
  2201 | D:6      | Found Gerch's Distillery.
  2201 | D:6      | Noticed an ogre
  2213 | D:7      | Reached skill level 1 in Fighting
  2259 | D:6      | Noticed a scorpion
  2264 | D:6      | Killed a scorpion
  2265 | D:6      | Reached XP level 5. HP: 15/29 MP: 3/10
  2420 | D:6      | Learned a level 2 spell: Static Discharge
  2459 | D:6      | Noticed a kobold brigand
  2465 | D:6      | Gained mutation: Armour fits poorly on your strangely
                  | shaped body. [potion of mutation]
  2465 | D:6      | Gained mutation: A frigid envelope surrounds you and
                  | freezes all who hurt you. [potion of mutation]
  2465 | D:6      | Gained mutation: Your spells are a little harder to cast,
                  | but a little more powerful. [potion of mutation]
  2465 | D:6      | Gained mutation: You passively map a small area around you.
                  | [potion of mutation]
  2465 | D:6      | Succumbed to a kobold brigand's curare-tipped dart

Vanquished Creatures
  A scorpion (D:6)
  3 adders (D:2)
  2 ufetubi (D:7)
  2 dart slugs
  A ribbon worm (D:3)
  5 bats
  8 endoplasms
  2 giant cockroaches
  6 goblins
  4 hobgoblins
  10 jackals
  2 kobolds
  2 quokkas (D:2)
  3 ball pythons
  3 frilled lizards
  4 rats
58 creatures vanquished.

Table legend: (Time is in decaauts)
 A = Elapsed time spent in this place.
 B = Non-inter-level travel time spent in this place.
 C = Inter-level travel time spent in this place.
 D = Time resting spent in this place.
 E = Time spent auto-exploring this place.
 F = Levels seen in this place.
 G = Mean time per level.
                   A        B        C        D        E       F      G
               +--------+--------+--------+--------+--------+-----+--------+
         Total |   2469 |   2368 |    101 |    343 |   1661 |   5 |  493.8 |
       Dungeon |   2469 |   2368 |    101 |    343 |   1661 |   5 |  493.8 |
               +--------+--------+--------+--------+--------+-----+--------+

Top non-repeatable levels by time:
     D:2: 1211 daAuts
     D:1: 953 daAuts
     D:6: 218 daAuts
     D:7: 50 daAuts
     D:3: 34 daAuts

Table legend:
 A = Non-vault XP
 B = Vault XP
 C = Vault XP percentage of total XP
 D = Non-vault monster count
 E = Vault monster count
 F = Vault count percentage of total count
                 A         B        C        D         E       F
            +---------+---------+-------+---------+---------+-------
      Total |     235 |       2 |   0.8 |      57 |       1 |   1.7
            +---------+---------+-------+---------+---------+-------
        D:1 |      40 |       0 |   0.0 |      21 |       0 |   0.0
        D:2 |      84 |       2 |   2.3 |      27 |       1 |   3.6
        D:3 |      10 |       0 |   0.0 |       5 |       0 |   0.0
        D:6 |      85 |       0 |   0.0 |       2 |       0 |   0.0
        D:7 |      16 |       0 |   0.0 |       2 |       0 |   0.0
            +---------+---------+-------+---------+---------+-------

Levels and vault maps discovered:
D:1:      minmay_arrival_glassed_features, layout_basic,
          hellmonk_ecumenical_altar_leap_of_faith
D:2:      layout_loops_ring, kennysheep_generic_room_9
D:3:      layout_rooms, gammafunk_ghost_cemetery, minmay_pentangle
D:6:      layout_rooms, kennysheep_mini_moat, serial_shops, shop,
          nicolae_shop_drivethru, nicolae_shop_statue_plus,
          nicolae_inconvenience_store
D:7:      layout_loops_ring, minmay_misc_feat_rows, minmay_misc_feat_nine_boxes
